Match 45267843
Unlisted

Match 45267843
End
Pioneer Squad
Construct Infanterie Kompanie
Grenadier Squad
Grenadier Squad
MG 42 Machine Gun Team
Grenadier Squad
Construct Luftwaffe Kompanie
Support Elements
Wirbelwind Flakpanzer
Medical Station
Jäger Squad
Mael Radec
Flash
0
0

Comments sign in to comment!

No comments posted yet!